NCAA
VIRGINIA CAVALIERS @ WAKE FOREST DEMON DEACONS
04/20/2023
 
TOP OF THE 1ST
Virginia Cavaliers batting - Pitching for Wake Forest Demon Deacons : RHP Jon Allen
Pitching: RHP Jon Allen
Batting: LHB John Frost 0-0: Called Strike
0-1: Swinging Strike
0-2: Strikes out swinging
Batting: RHB David Crosby 0-0: Ball
1-0: Ball
2-0: Foul Ball, location: 2F
2-1: Foul Ball, location: 2F
2-2: Strikes out looking
Batting: RHB John Warren 0-0: Ball
1-0: Swinging Strike
1-1: SOLO HOME RUN (Line Drive, 7LD), Distance : 342 ft
Batting: LHB José Márquez 0-0: Foul Ball, location: 2F
0-1: Swinging Strike
0-2: SINGLE (Line Drive, 8LS)
Batting: RHB Rafael Ornelas 0-0: Ball
1-0: Ball
2-0: Ball
3-0: Called Strike
3-1: Base on Balls
José Márquez to second
Batting: RHB John Dorsey 0-0: Called Strike
0-1: Swinging Strike
0-2: Strikes out swinging
Top of the 1st over - 1 run(s), 2 hit(s), 0 error(s), 2 left on base; Virginia 1 - Wake Forest 0
BOTTOM OF THE 1ST
Wake Forest Demon Deacons batting - Pitching for Virginia Cavaliers : RHP Jimmy Love
Pitching: RHP Jimmy Love
Batting: LHB Greg Faulkner 0-0: Swinging Strike
0-1: Ball
1-1: Ball
2-1: Foul Ball, location: 2F
2-2: DOUBLE (Flyball, 78M)
Batting: RHB Lou O'Higgins 0-0: Ball
1-0: Called Strike
1-1: Ball
2-1: Ground out 5-3 (Groundball, 56S)
Greg Faulkner to third
Batting: RHB Jesse McKnight 0-0: Called Strike
0-1: Ball
1-1: Called Strike
1-2: Ball
2-2: Ball
3-2: Base on Balls
Batting: RHB Jim Villiers 0-0: Called Strike
0-1: Grounds into double play, 6-4-3 (Groundball, 6D)
Bottom of the 1st over - 0 run(s), 1 hit(s), 0 error(s), 1 left on base; Virginia 1 - Wake Forest 0
TOP OF THE 2ND
Virginia Cavaliers batting - Pitching for Wake Forest Demon Deacons : RHP Jon Allen
Batting: RHB David Carter 0-0: Ground out 6-3 (Groundball, 6)
Batting: RHB Ty Ford 0-0: Ground out 6-3 (Groundball, 6)
Batting: RHB Flynn Green 0-0: Foul Ball, location: 2F
0-1: Ground out 3-1 (Groundball, 34)
Top of the 2nd over - 0 run(s), 0 hit(s), 0 error(s), 0 left on base; Virginia 1 - Wake Forest 0
BOTTOM OF THE 2ND
Wake Forest Demon Deacons batting - Pitching for Virginia Cavaliers : RHP Jimmy Love
Batting: LHB Garrett King 0-0: Called Strike
0-1: Ball
1-1: Ball
2-1: Ball
3-1: Foul Ball, location: 2F
3-2: Strikes out swinging
Batting: SHB Guillermo Leal 0-0: Foul Ball, location: 2F
0-1: Ball
1-1: Ball
2-1: Foul Ball, location: 2F
2-2: Fly out, F9 (Flyball, 89M)
Batting: SHB Terry Dailey 0-0: Called Strike
0-1: Called Strike
0-2: Foul Ball, location: 2F
0-2: SINGLE (Line Drive, 6M)
Batting: LHB Ken Smith 0-0: Ball
1-0: Swinging Strike
1-1: Ball
Terry Dailey is caught stealing 2nd base
Bottom of the 2nd over - 0 run(s), 1 hit(s), 0 error(s), 0 left on base; Virginia 1 - Wake Forest 0
TOP OF THE 3RD
Virginia Cavaliers batting - Pitching for Wake Forest Demon Deacons : RHP Jon Allen
Batting: LHB John Frost 0-0: Called Strike
0-1: Foul Ball, location: 2F
0-2: Ball
1-2: Ball
2-2: SINGLE (Groundball, 34) (infield hit)
Batting: RHB David Crosby 0-0: Reached on error, E6 (Groundball, 56)
John Frost to second
Batting: RHB John Warren 0-0: Swinging Strike
0-1: Ball
1-1: Foul Ball, location: 2F
1-2: Strikes out swinging
Batting: LHB José Márquez 0-0: Ball
1-0: Called Strike
1-1: Ball
2-1: Foul Ball, location: 2F
2-2: Foul Ball, location: 2F
2-2: Ball
3-2: Foul Ball, location: 2F
3-2: Base on Balls
John Frost to third
David Crosby to second
Batting: RHB Rafael Ornelas 0-0: Ball
1-0: Swinging Strike
1-1: Ball
2-1: Ball
3-1: Base on Balls
John Frost scores
David Crosby to third
José Márquez to second
Batting: RHB John Dorsey 0-0: Called Strike
0-1: Foul Ball, location: 2F
0-2: Grounds into fielders choice 1-2 (Groundball, 25)
José Márquez to third
Rafael Ornelas to second
Batting: RHB David Carter 0-0: Fly out, F6 (Line Drive, 6)
Top of the 3rd over - 1 run(s), 1 hit(s), 1 error(s), 3 left on base; Virginia 2 - Wake Forest 0
BOTTOM OF THE 3RD
Wake Forest Demon Deacons batting - Pitching for Virginia Cavaliers : RHP Jimmy Love
Batting: LHB Ken Smith 0-0: SINGLE (Groundball, 4MD)
Batting: LHB Roberto Félix 0-0: Ball
1-0: Ball
2-0: Ball
3-0: Base on Balls
Ken Smith to second
Batting: LHB Greg Faulkner 0-0: Grounds into double play, 4-6-3 (Groundball, 4)
Ken Smith to third
Batting: RHB Lou O'Higgins 0-0: Foul Ball, location: 2F
0-1: Foul Ball, location: 2F
0-2: Strikes out looking
Bottom of the 3rd over - 0 run(s), 1 hit(s), 0 error(s), 1 left on base; Virginia 2 - Wake Forest 0
TOP OF THE 4TH
Virginia Cavaliers batting - Pitching for Wake Forest Demon Deacons : RHP Jon Allen
Batting: RHB Ty Ford 0-0: SINGLE (Groundball, 56D)
Batting: RHB Flynn Green 0-0: Called Strike
0-1: Ball
1-1: Bunt missed!
1-2: Strikes out swinging
Batting: LHB John Frost 0-0: Called Strike
0-1: Grounds into double play, U4-3 (Groundball, 4)
Top of the 4th over - 0 run(s), 1 hit(s), 0 error(s), 0 left on base; Virginia 2 - Wake Forest 0
BOTTOM OF THE 4TH
Wake Forest Demon Deacons batting - Pitching for Virginia Cavaliers : RHP Jimmy Love
Batting: RHB Jesse McKnight 0-0: Swinging Strike
0-1: Ball
1-1: Swinging Strike
1-2: Foul Ball, location: 2F
1-2: Foul Ball, location: 2F
1-2: Strikes out swinging
Batting: RHB Jim Villiers 0-0: Called Strike
0-1: Ball
1-1: Ball
2-1: Fly out, F8 (Popup, 6MD)
Batting: LHB Garrett King 0-0: Called Strike
0-1: Ball
1-1: Foul Ball, location: 2F
1-2: Ground out 1-3 (Groundball, 15)
Bottom of the 4th over - 0 run(s), 0 hit(s), 0 error(s), 0 left on base; Virginia 2 - Wake Forest 0
TOP OF THE 5TH
Virginia Cavaliers batting - Pitching for Wake Forest Demon Deacons : RHP Jon Allen
Batting: RHB David Crosby 0-0: SINGLE (Groundball, 4M)
Batting: RHB John Warren 0-0: Ball
1-0: Ball
2-0: Ball
3-0: Called Strike
3-1: Base on Balls
David Crosby to second
Batting: LHB José Márquez 0-0: Ball
1-0: Ball
2-0: Called Strike
2-1: Foul Ball, location: 2F
2-2: Fly out, F8 (Line Drive, 8RM)
Batting: RHB Rafael Ornelas 0-0: Swinging Strike
0-1: Ball
Wild Pitch!
David Crosby to third
John Warren to second
1-1: Ball
2-1: Foul Ball, location: 2F
2-2: 3-RUN HOME RUN (Flyball, 7LD), Distance : 324 ft
Batting: RHB John Dorsey 0-0: Foul Ball, location: 2F
0-1: Called Strike
0-2: Ball
1-2: Ball
2-2: Ball
3-2: SINGLE (Line Drive, 6MD)
Pitching: RHP Mario Árias
Batting: RHB David Carter 0-0: Ball
1-0: Foul Ball, location: 2F
1-1: Ball
2-1: Foul Ball, location: 2F
2-2: Foul Ball, location: 2F
2-2: Strikes out looking
Batting: RHB Ty Ford 0-0: Ball
1-0: Fly out, F8 (Flyball, 8RM)
Top of the 5th over - 3 run(s), 3 hit(s), 0 error(s), 1 left on base; Virginia 5 - Wake Forest 0
BOTTOM OF THE 5TH
Wake Forest Demon Deacons batting - Pitching for Virginia Cavaliers : RHP Jimmy Love
Batting: SHB Guillermo Leal 0-0: Called Strike
0-1: Foul Ball, location: 2F
0-2: Fly out, F2 (Popup, 2RF)
Batting: SHB Terry Dailey 0-0: Called Strike
0-1: Hit by Pitch
Batting: LHB Ken Smith 0-0: Called Strike
0-1: Swinging Strike
0-2: Foul Ball, location: 2F
0-2: Ball
1-2: Strikes out swinging
Batting: LHB Roberto Félix 0-0: Ball
Terry Dailey steals 2nd base
1-0: Called Strike
1-1: Called Strike
1-2: SINGLE (Groundball, 56)
Terry Dailey to third
Runner from 3rd tries for Home, SAFE, no throw or cutoff
Batting: LHB Greg Faulkner 0-0: Ball
1-0: Fly out, F7 (Flyball, 7M)
Bottom of the 5th over - 1 run(s), 1 hit(s), 0 error(s), 1 left on base; Virginia 5 - Wake Forest 1
TOP OF THE 6TH
Virginia Cavaliers batting - Pitching for Wake Forest Demon Deacons : RHP Mario Árias
Batting: RHB Flynn Green 0-0: SINGLE (Line Drive, 8LS)
Batting: LHB John Frost 0-0: Called Strike
Flynn Green steals 2nd base
0-1: Called Strike
0-2: Ball
1-2: Fly out, F6 (Popup, 6MD)
Batting: RHB David Crosby 0-0: Ball
1-0: Swinging Strike
1-1: Ball
2-1: Foul Ball, location: 2F
2-2: Strikes out looking
Batting: RHB John Warren 0-0: Called Strike
0-1: Ball
1-1: Swinging Strike
1-2: Ball
2-2: Strikes out swinging
Top of the 6th over - 0 run(s), 1 hit(s), 0 error(s), 1 left on base; Virginia 5 - Wake Forest 1
BOTTOM OF THE 6TH
Wake Forest Demon Deacons batting - Pitching for Virginia Cavaliers : RHP Jimmy Love
Batting: RHB Lou O'Higgins 0-0: Called Strike
0-1: Ball
1-1: SINGLE (Line Drive, 8LS)
Batting: RHB Jesse McKnight 0-0: Called Strike
0-1: Ball
1-1: Foul Ball, location: 2F
1-2: Ball
2-2: Strikes out looking
Pitching: RHP Gary Workman
Batting: RHB Jim Villiers 0-0: Ball
1-0: Called Strike
Lou O'Higgins steals 2nd base
1-1: Ball
2-1: Ball
3-1: Ground out 5-3 (Groundball, 56)
Batting: LHB Garrett King 0-0: Ball
1-0: Fly out, F5 (Popup, 5SF)
Bottom of the 6th over - 0 run(s), 1 hit(s), 0 error(s), 1 left on base; Virginia 5 - Wake Forest 1
TOP OF THE 7TH
Virginia Cavaliers batting - Pitching for Wake Forest Demon Deacons : RHP Mario Árias
Batting: LHB José Márquez 0-0: Called Strike
0-1: Swinging Strike
0-2: Ball
1-2: SINGLE (Flyball, 8LS)
Batting: RHB Rafael Ornelas 0-0: Called Strike
0-1: Fly out, F3 (Popup, 3F)
Pitching: RHP Gary Gibson
Batting: RHB John Dorsey 0-0: Ball
1-0: Called Strike
1-1: Ball
Wild Pitch!
José Márquez to second
2-1: Intentional Walk
Batting: RHB David Carter 0-0: Called Strike
0-1: Called Strike
0-2: Ball
1-2: Strikes out swinging
Batting: RHB Ty Ford 0-0: Foul Ball, location: 2F
0-1: Fly out, F7 (Line Drive, 78M)
Top of the 7th over - 0 run(s), 1 hit(s), 0 error(s), 2 left on base; Virginia 5 - Wake Forest 1
BOTTOM OF THE 7TH
Wake Forest Demon Deacons batting - Pitching for Virginia Cavaliers : RHP Gary Workman
Batting: SHB Guillermo Leal 0-0: Foul Ball, location: 2F
0-1: Ground out 6-3 (Groundball, 6MS)
Batting: SHB Terry Dailey 0-0: Called Strike
0-1: Ball
1-1: Ball
2-1: Ball
3-1: Foul Ball, location: 2F
3-2: Fly out, F9 (Flyball, 9D)
Batting: LHB Ken Smith 0-0: SINGLE (Groundball, 34)
Batting: LHB Roberto Félix 0-0: Called Strike
0-1: Ball
1-1: Called Strike
1-2: Ball
2-2: SINGLE (Groundball, 4MD) (infield hit)
Ken Smith to second
Batting: LHB Greg Faulkner 0-0: Foul Ball, location: 2F
0-1: Ball
1-1: Called Strike
1-2: Fielders Choice at 2nd, U4 (Groundball, 4M)
Bottom of the 7th over - 0 run(s), 2 hit(s), 0 error(s), 2 left on base; Virginia 5 - Wake Forest 1
TOP OF THE 8TH
Virginia Cavaliers batting - Pitching for Wake Forest Demon Deacons : RHP Gary Gibson
Batting: RHB Flynn Green 0-0: Called Strike
0-1: Ground out 1-3 (Groundball, 23)
Batting: LHB John Frost 0-0: Ball
1-0: Ground out U3 (Groundball, 3)
Batting: RHB David Crosby 0-0: Called Strike
0-1: SINGLE (Flyball, 7S)
Batting: RHB John Warren 0-0: Ball
1-0: Ball
2-0: Called Strike
2-1: Ball
3-1: SINGLE (Groundball, 4MD)
David Crosby to second
Batting: LHB José Márquez 0-0: Foul Ball, location: 2F
0-1: Ball
1-1: Ball
2-1: Ball
3-1: Base on Balls
David Crosby to third
John Warren to second
Batting: RHB Rafael Ornelas 0-0: Called Strike
0-1: Ball
1-1: Called Strike
1-2: Ground out 1-3 (Groundball, 23)
Top of the 8th over - 0 run(s), 2 hit(s), 0 error(s), 3 left on base; Virginia 5 - Wake Forest 1
BOTTOM OF THE 8TH
Wake Forest Demon Deacons batting - Pitching for Virginia Cavaliers : RHP Gary Workman
Batting: RHB Lou O'Higgins 0-0: Ground out 2-3 (Groundball, 2R)
Pitching: RHP Peter Ellison
Batting: RHB Jesse McKnight 0-0: Ball
1-0: Ball
2-0: Ball
3-0: Called Strike
3-1: Base on Balls
Batting: RHB Jim Villiers 0-0: Ball
1-0: Ball
2-0: Foul Ball, location: 2F
2-1: Ball
3-1: Base on Balls
Jesse McKnight to second
Pitching: RHP Joe Hopkins
Batting: LHB Garrett King 0-0: SINGLE (Groundball, 4M)
Jesse McKnight to third
Jim Villiers to second
Runner from 3rd tries for Home, SAFE, no throw or cutoff
Batting: SHB Guillermo Leal 0-0: Ball
1-0: Called Strike
1-1: Ball
2-1: Swinging Strike
2-2: Strikes out swinging
Batting: SHB Terry Dailey 0-0: Ball
1-0: Called Strike
1-1: Swinging Strike
1-2: Strikes out swinging
Bottom of the 8th over - 1 run(s), 1 hit(s), 0 error(s), 2 left on base; Virginia 5 - Wake Forest 2
TOP OF THE 9TH
Virginia Cavaliers batting - Pitching for Wake Forest Demon Deacons : RHP Gary Gibson
Batting: RHB John Dorsey 0-0: Ball
1-0: Foul Ball, location: 2F
1-1: Ball
2-1: Ball
3-1: Base on Balls
Pitching: RHP Robert Alexander
Batting: RHB David Carter 0-0: Grounds into double play, 6-4-3 (Groundball, 6)
Batting: RHB Ty Ford 0-0: Called Strike
0-1: Ball
1-1: Ground out 6-3 (Groundball, 6)
Top of the 9th over - 0 run(s), 0 hit(s), 0 error(s), 0 left on base; Virginia 5 - Wake Forest 2
BOTTOM OF THE 9TH
Wake Forest Demon Deacons batting - Pitching for Virginia Cavaliers : RHP Joe Hopkins
Pitching: RHP Cal Baldwin
Batting: LHB Ken Smith 0-0: Ball
1-0: Ball
2-0: Called Strike
2-1: Ground out 4-3 (Groundball, 4)
Batting: LHB Roberto Félix 0-0: Fly out, F5 (Popup, 25F)
Batting: LHB Greg Faulkner 0-0: Ball
1-0: Foul Ball, location: 2F
1-1: Swinging Strike
1-2: Ball
2-2: Foul Ball, location: 2F
2-2: Ground out 4-3 (Groundball, 4M)
Bottom of the 9th over - 0 run(s), 0 hit(s), 0 error(s), 0 left on base; Virginia 5 - Wake Forest 2
This league is powered by Out of the Park Baseball, the baseball management simulation game for PC, Mac and Linux
Wednesday, December 2nd, 2015 - OOTP Baseball 16.8 Build 38